% Time on Ice - SALEM BLACK JAYS
Lines # - Real PCT - Wanted PCT - Time Play
Normal Forward
1 - 36% - 36% - 15:31
2 - 32% - 31% - 13:52
3 - 23% - 23% - 9:51
4 - 10% - 10% - 4:08
Normal Defense
1 - 35% - 36% - 15:12
2 - 34% - 31% - 14:38
3 - 29% - 23% - 12:36
4 - 2% - 10% - 0:56
PP Forward
1 - 49% - 55% - 5:24
2 - 51% - 45% - 5:32
PP Defense
1 - 56% - 55% - 6:07
2 - 44% - 45% - 4:49
PK Forward
1 - 66% - 55% - 3:12
2 - 34% - 45% - 1:37
PK Defense
1 - 55% - 55% - 2:38
2 - 45% - 45% - 2:11
PK3 Forward
1 - 0% - 55%
2 - 0% - 45%
PK3 Defense
1 - 0% - 55%
2 - 0% - 45%
44 Forward
1 - 0% - 55%
2 - 0% - 45%
44 Defense
1 - 0% - 55%
2 - 0% - 45%
Last Minute Offensive  - 0:53
Last Minute Defensive  - 0:00
Total
Forward - 60:00
Defense - 60:00
% Time on Ice - OAKLAND GORILLAS
Lines # - Real PCT - Wanted PCT - Time Play
Normal Forward
1 - 34% - 35% - 14:41
2 - 33% - 35% - 14:23
3 - 24% - 26% - 10:17
4 - 9% - 4% - 4:01
Normal Defense
1 - 36% - 38% - 15:34
2 - 37% - 36% - 16:00
3 - 27% - 26% - 11:48
4 - 0% - 0% - 0:00
PP Forward
1 - 53% - 55% - 2:33
2 - 47% - 45% - 2:16
PP Defense
1 - 64% - 55% - 3:05
2 - 36% - 45% - 1:44
PK Forward
1 - 59% - 55% - 6:25
2 - 41% - 45% - 4:31
PK Defense
1 - 58% - 55% - 6:18
2 - 42% - 45% - 4:38
PK3 Forward
1 - 0% - 55%
2 - 0% - 45%
PK3 Defense
1 - 0% - 55%
2 - 0% - 45%
44 Forward
1 - 0% - 55%
2 - 0% - 45%
44 Defense
1 - 0% - 55%
2 - 0% - 45%
Last Minute Offensive  - 0:00
Last Minute Defensive  - 0:53
Total
Forward - 60:00
Defense - 60:00
Play-by-Play 1st period 0:01 of 1st period - Patrik Laine wins face-off versus Mathew Barzal in neutral zone. 0:09 of 1st period - Shot by Mitchell Marner. 0:09 of 1st period - Shot Misses the Net. 0:11 of 1st period - Shot by Nick Jensen. 0:11 of 1st period - Shot Misses the Net. 0:19 of 1st period - Shot by Mitchell Marner. 0:19 of 1st period - Shot Blocked by Hampus Lindholm. 0:21 of 1st period - Shot by Joshua Morrissey. 0:21 of 1st period - Stopped by Alexandar Georgiev without a rebound. 0:22 of 1st period - Dylan Larkin wins face-off versus Logan Couture in OAKLAND GORILLAS zone. 0:23 of 1st period - Shot by Barrett Hayton. 0:23 of 1st period - Stopped by Alexandar Georgiev without a rebound. 0:24 of 1st period - Dylan Cozens wins face-off versus Logan Couture in OAKLAND GORILLAS zone. 0:46 of 1st period - Logan Couture is hit by Colin Miller and loses puck. 0:55 of 1st period - Trevor van Riemsdyk is hit by Maxime Comtois and loses puck. 1:08 of 1st period - Dylan Cozens is hit by Logan Couture and loses puck. 1:26 of 1st period - Minor Penalty to Colton Sissons for Slashing. 1:27 of 1st period - Dylan Larkin wins face-off versus Aleksander Barkov in OAKLAND GORILLAS zone. 3:32 of 1st period - Shot by Theodor Blueger. 3:32 of 1st period - Stopped by Alexandar Georgiev without a rebound. 3:33 of 1st period - Patrik Laine wins face-off versus Theodor Blueger in OAKLAND GORILLAS zone. 3:33 of 1st period - Patrik Laine is hit by Josh Archibald. 4:05 of 1st period - Shot by Filip Chytil. 4:05 of 1st period - Stopped by Alexandar Georgiev with a rebound. 5:40 of 1st period - Shot by David Kampf. 5:40 of 1st period - Shot Misses the Net. 5:42 of 1st period - Shot by Colton Sissons. 5:42 of 1st period - Stopped by Juuse Saros without a rebound. 5:43 of 1st period - Dylan Larkin wins face-off versus Jack McBain in SALEM BLACK JAYS zone. 5:47 of 1st period - Barrett Hayton is hit by Jack McBain. 5:57 of 1st period - Shot by Scott Mayfield. 5:57 of 1st period - Stopped by Alexandar Georgiev without a rebound. 5:58 of 1st period - Colton Sissons wins face-off versus Dylan Cozens in OAKLAND GORILLAS zone. 6:20 of 1st period - Off-side. 6:21 of 1st period - Patrik Laine wins face-off versus Dylan Larkin in neutral zone. 6:36 of 1st period - Shayne Gostisbehere is hit by Dylan Larkin and loses puck. 7:02 of 1st period - Minor Penalty to Jordan Kyrou for Tripping. 7:03 of 1st period - Logan Couture wins face-off versus Dylan Cozens in OAKLAND GORILLAS zone. 7:53 of 1st period - Off-side. 7:54 of 1st period - Dylan Larkin wins face-off versus Aleksander Barkov in neutral zone. 8:17 of 1st period - Shot by Dylan Larkin. 8:17 of 1st period - Stopped by Alexandar Georgiev without a rebound. 8:18 of 1st period - Dylan Larkin wins face-off versus Logan Couture in OAKLAND GORILLAS zone. 8:26 of 1st period - Icing by Mitchell Marner. 8:27 of 1st period - Dylan Larkin wins face-off versus Logan Couture in SALEM BLACK JAYS zone. 8:32 of 1st period - Shot by Joshua Morrissey. 8:32 of 1st period - Shot Misses the Net. 9:21 of 1st period - Shot by Dylan Cozens. 9:21 of 1st period - Shot Misses the Net. 10:00 of 1st period - Icing by Martin Fehervary. 10:01 of 1st period - Jack McBain wins face-off versus Mathew Barzal in OAKLAND GORILLAS zone. 10:21 of 1st period - Off-side. 10:22 of 1st period - Colton Sissons wins face-off versus Dylan Larkin in neutral zone. 10:29 of 1st period - Shot by David Kampf. 10:29 of 1st period - Shot Misses the Net. 10:31 of 1st period - Shot by Hampus Lindholm. 10:31 of 1st period - Goal by Hampus Lindholm - SALEM BLACK JAYS : 0 - OAKLAND GORILLAS : 1. 10:32 of 1st period - Aleksander Barkov wins face-off versus Dylan Larkin in neutral zone. 11:14 of 1st period - Shot by Aleksander Barkov. 11:14 of 1st period - Deflect By Patrik Laine. 11:14 of 1st period - Stopped by Juuse Saros without a rebound. 11:15 of 1st period - Mikko Rantanen wins face-off versus Logan Couture in SALEM BLACK JAYS zone. 11:58 of 1st period - Shot by Brock Nelson. 11:58 of 1st period - Stopped by Juuse Saros without a rebound. 11:59 of 1st period - Colton Sissons wins face-off versus Dylan Larkin in SALEM BLACK JAYS zone. 12:20 of 1st period - Shot by Martin Necas. 12:20 of 1st period - Stopped by Alexandar Georgiev without a rebound. 12:21 of 1st period - Dylan Cozens wins face-off versus Aleksander Barkov in OAKLAND GORILLAS zone. 12:52 of 1st period - Colin Miller is hit by Jordan Kyrou. 13:01 of 1st period - Off-side. 13:02 of 1st period - Logan Couture wins face-off versus Mathew Barzal in neutral zone. 13:08 of 1st period - Off-side. 13:09 of 1st period - Colton Sissons wins face-off versus Mathew Barzal in neutral zone. 13:30 of 1st period - Shot by Mikko Rantanen. 13:30 of 1st period - Deflect By Mitchell Marner. 13:30 of 1st period - Shot Blocked by David Kampf. 14:08 of 1st period - Icing by Brock Boeser. 14:09 of 1st period - Dylan Larkin wins face-off versus Logan Couture in OAKLAND GORILLAS zone. 14:12 of 1st period - Shot by Barrett Hayton. 14:12 of 1st period - Stopped by Alexandar Georgiev without a rebound. 14:13 of 1st period - Logan Couture wins face-off versus Dylan Larkin in OAKLAND GORILLAS zone. 14:13 of 1st period - Logan Couture is hit by Martin Necas. 14:19 of 1st period - Shot by Logan Couture. 14:19 of 1st period - Shot Misses the Net. 14:24 of 1st period - Logan Couture is hit by Scott Mayfield and loses puck. 14:57 of 1st period - Icing by Scott Mayfield. 14:58 of 1st period - Aleksander Barkov wins face-off versus Dylan Larkin in SALEM BLACK JAYS zone. 15:06 of 1st period - Icing by Cody Ceci. 15:07 of 1st period - Dylan Larkin wins face-off versus Aleksander Barkov in SALEM BLACK JAYS zone. 15:38 of 1st period - Shot by Mikko Rantanen. 15:38 of 1st period - Stopped by Alexandar Georgiev without a rebound. 15:39 of 1st period - Colton Sissons wins face-off versus Dylan Cozens in OAKLAND GORILLAS zone. 15:39 of 1st period - Colton Sissons is hit by Maxime Comtois. 17:23 of 1st period - Brock Nelson is hit by Scott Mayfield and loses puck. 18:44 of 1st period - Shot by Josh Archibald. 18:44 of 1st period - Shot Blocked by Martin Fehervary. 19:24 of 1st period - Shot by Dylan Cozens. 19:24 of 1st period - Shot Misses the Net. 19:26 of 1st period - Shot by Nick Jensen. 19:26 of 1st period - Shot Misses the Net. 19:43 of 1st period - Icing by Shayne Gostisbehere. 19:44 of 1st period - Mathew Barzal wins face-off versus Andrew Poturalski in OAKLAND GORILLAS zone. 19:44 of 1st period - Mikko Rantanen is hit by Shayne Gostisbehere and loses puck. 19:47 of 1st period - Shot by Mitchell Marner. 19:47 of 1st period - Deflect By Mikko Rantanen. 19:47 of 1st period - Shot Misses the Net. 19:49 of 1st period - Shot by Mathew Barzal. 19:49 of 1st period - Stopped by Alexandar Georgiev without a rebound. 19:50 of 1st period - Mathew Barzal wins face-off versus Colton Sissons in OAKLAND GORILLAS zone. Goals for this period are 0 for SALEM BLACK JAYS vs 1 for OAKLAND GORILLAS. Shots for this period are 10 for SALEM BLACK JAYS vs 4 for OAKLAND GORILLAS. 2nd period 0:01 of 2nd period - Mathew Barzal wins face-off versus Aleksander Barkov in neutral zone. 0:26 of 2nd period - Shot by Mikko Rantanen. 0:26 of 2nd period - Shot Misses the Net. 0:28 of 2nd period - Shot by Mikko Rantanen. 0:28 of 2nd period - Shot Misses the Net. 1:06 of 2nd period - Shot by Martin Necas. 1:06 of 2nd period - Stopped by Alex